 Dungeon Crawl Stone Soup version 0.29-a0-1008-g949cc1d0fb (webtiles) character file.

Game seed: 3580631830911517256

5 Manisian the Caller (level 1, -1/10 HPs)
             Began as a Tengu Summoner on Aug 7, 2022.
             Slain by a rat (3 damage)
             ... on level 1 of the Dungeon.
             The game lasted 00:00:30 (125 turns).

Manisian the Caller (Tengu Summoner)                 Turns: 125, Time: 00:00:30

Health: -1/10      AC:  2    Str:  8    XL:     1   Next: 80%
Magic:  2/4        EV: 12    Int: 15    God:
Gold:   0          SH:  0    Dex: 14    Spells: 3/4 levels left

rFire   . . .      SeeInvis .   (no weapon)
rCold   . . .      Faith    .   (no shield)
rNeg    . . .      Spirit   .   a - +0 robe
rPois   .          Reflect  .   (helmet restricted)
rElec   .          Harm     .   (no cloak)
rCorr   .          Rampage  .   (no gloves)
Will    +....                   (boots unavailable)
Stlth   ++........              (no amulet)
HPRegen 0.03/turn               c - ring of willpower
MPRegen 0.09/turn               (no ring)

@: no status effects
A: beak, talons 3
a: no special abilities


You were on level 1 of the Dungeon.
You visited 1 branch of the dungeon, and saw 1 of its levels.

Inventory:

Armour
 a - a +0 robe (worn)
Jewellery
 c - a ring of willpower (left hand)
Scrolls
 d - a scroll of identify {unknown}
Potions
 b - a potion of magic


   Skills:
 + Level 2.2 Dodging
 + Level 2.1 Stealth
 + Level 2.1 Spellcasting
 + Level 5.0 Summonings


You had 3 spell levels left.
You knew the following spells:

 Your Spells              Type           Power      Damage    Failure   Level
a - Summon Small Mammal   Summ           64%        N/A       2%          1

Your spell library contained the following spells:

 Spells                   Type           Power      Damage    Failure   Level
 Call Imp                 Summ           16%        N/A       4%          2
 Call Canine Familiar     Summ           16%        N/A       9%          3
 Summon Guardian Golem    Hex/Summ       9%         N/A       24%         3
 Summon Lightning Spire   Summ/Air       9%         N/A       61%         4


Dungeon Overview and Level Annotations

Branches:
Dungeon (1/15)

Altars:


Innate Abilities, Weirdness & Mutations

You have a beak for a mouth.
You have claws for feet.


Message History

Casting: Summon Small Mammal (safe; 2% risk of failure)
Confirm with . or Enter, or press ? or * to list all spells.
Your quokka disappears in a puff of smoke!
The rat bites you.
Your quokka bites the rat.
The giant cockroach waves its antennae.
The giant cockroach bites your quokka but does no damage.
Your quokka bites the giant cockroach.
Your quokka barely misses the rat.
The endoplasm closely misses your quokka.
The hobgoblin barely misses your quokka.
The rat bites you.
Your quokka closely misses the giant cockroach.
The giant cockroach closely misses your quokka.
Your quokka barely misses the rat.
Your quokka closely misses the giant cockroach.
The giant cockroach bites your quokka but does no damage.
The endoplasm closely misses your quokka.
The hobgoblin hits your quokka. The rat closely misses you.
Unknown command.
Your quokka closely misses the rat.
Your quokka bites the giant cockroach.
The giant cockroach bites your quokka.
The endoplasm completely misses your quokka.
The hobgoblin misses your quokka. The rat bites you.
Your quokka closely misses the rat.
Unknown command.
Your quokka barely misses the giant cockroach.
The giant cockroach barely misses your quokka.
The endoplasm hits your quokka but does no damage.
The hobgoblin misses your quokka. The rat bites you.
Your quokka barely misses the rat.
Your quokka bites the giant cockroach.
The giant cockroach dies!
The endoplasm misses your quokka. The hobgoblin hits your quokka.
Your quokka dies!
Your quokka's corpse disappears in a puff of smoke!
The rat bites you.
* * * LOW HITPOINT WARNING * * *
Your quokka barely misses the rat.
Your quokka closely misses the rat.
The endoplasm misses your quokka. The rat bites you.
You die...

####... ......B
....... .....$.
......... ......r
#........ .......
#........ ....$..
#........
.......#####........
.......gJr..........
.......(§r@......#
#######..........##
######...#..#
##.####.##
#........#
#........#
#......(.#.
#..........
#..........


You could see an endoplasm, a hobgoblin (unaware), a rat (ally target) and a
friendly quokka (summoned).

Vanquished Creatures
  An endoplasm (D:1)
1 creature vanquished.

Vanquished Creatures (collateral kills)
  A giant cockroach (D:1)
  A hobgoblin (D:1)
  A bat (D:1)
  A rat (D:1)
4 creatures vanquished.

Grand Total: 5 creatures vanquished

Notes
Turn   | Place    | Note
-------+----------+-------------------------------------------
     0 | D:1      | Manisian the Tengu Summoner began the quest for the Orb.
     0 | D:1      | Reached XP level 1. HP: 10/10 MP: 4/4
   112 | D:1      | Reached skill level 5 in Summonings
   125 | D:1      | Slain by a rat

Illustrated notes

Levels and vault maps discovered:
D:1:      scummos_arrival_forest, layout_basic, minivault_4,
          reono_crystal_passage

Skill      XL: |  1 |
---------------+----+-----
Summonings     | 5 |  5.0
Dodging        | |  2.2
Stealth        | |  2.1
Spellcasting   | |  2.1

Action                   || total
-------------------------++-------
Melee: Unarmed           ||     2
 Cast: Summon Small Mamm ||     9
Armor: Robe              ||     2
Dodge: Dodged            ||     4

Table legend: (Time is in decaauts)
 A = Elapsed time spent in this place.
 B = Non-inter-level travel time spent in this place.
 C = Inter-level travel time spent in this place.
 D = Time resting spent in this place.
 E = Time spent auto-exploring this place.
 F = Levels seen in this place.
 G = Mean time per level.
                   A        B        C        D        E       F      G
               +--------+--------+--------+--------+--------+-----+--------+
         Total |    124 |    124 |      0 |      0 |     66 |   1 |  124.0 |
       Dungeon |    124 |    124 |      0 |      0 |     66 |   1 |  124.0 |
               +--------+--------+--------+--------+--------+-----+--------+

Top non-repeatable levels by time:
     D:1: 124 daAuts
